 Dungeon Crawl Stone Soup version 0.32-a0-411-g744942f433 (webtiles) character file.

Game seed: 11366222152011572309

3487 zeratav the Cleaver (level 9, -2/81 HPs)
             Began as a Minotaur Fighter on Feb 21, 2024.
             Was a Believer of Beogh.
             Slain by a manticore (4 damage)
             ... on level 7 of the Dungeon.
             The game lasted 00:12:19 (6018 turns).

zeratav the Cleaver (Minotaur Fighter)              Turns: 6018, Time: 00:12:20

Health: -2/81      AC: 19    Str: 25    XL:     9   Next: 80%
Magic:  8/8        EV:  6    Int:  5    God:    Beogh [**....]
Gold:   403        SH:  4    Dex: 10    Spells: 8/8 levels left

rFire   . . .        a - +1 war axe {axe}
rCold   . . .        c - +0 buckler
rNeg    . . .        F - +0 crystal plate armour {rare=g}
rPois   +            (helmet restricted)
rElec   .            (no cloak)
rCorr   .            (no gloves)
SInv    .            (no boots)
Will    .....        (no amulet) Stlth
                     e - ring of poison resistance
HPRegen 0.33/turn    (no ring)
MPRegen 0.11/turn

%: no passive effects
@: studying Summonings
A: horns 2, retaliatory headbutt
a: Renounce Religion, Smiting


You were on level 7 of the Dungeon.
You worshipped Beogh.
Beogh was pleased with you.
You visited 1 branch of the dungeon, and saw 7 of its levels.

You collected 403 gold pieces.


Innate Abilities, Weirdness & Mutations

Your facial features are unmistakably orcish.
You have a pair of horns on your head.
You reflexively headbutt those who attack you in melee.


   Skills:
 - Level 8.0 Fighting
 - Level 12.0 Axes
 - Level 8.0 Armour
 + Level 5.8 Dodging
 - Level 3.6 Shields


You had 8 spell levels left.
You didn't know any spells.
Your spell library contained the following spells:

 Spells                   Type           Power      Damage    Failure   Level
 Slow                     Hex            0%         N/A       100%        1
 Confusing Touch          Hex            0%         N/A       100%        3
 Sigil of Binding         Hex            0%         N/A       100%        3
 Vampiric Draining        Necr           0%         2d6       100%        3

Inventory:

Hand Weapons
 a - a +1 war axe (weapon) {axe}
Missiles
 g - 4 curare-tipped darts {=fthrowing}
 p - 22 poisoned darts (quivered) {throwing}
 s - 4 boomerangs {throwing}
Armour
 c - a +0 buckler (worn)
 F - a +0 crystal plate armour (worn) {rare=g}
   (You found it on level 4 of the Dungeon)
Jewellery
 e - a ring of poison resistance (left hand)
   (You found it on level 1 of the Dungeon)
 n - a ring of wizardry
   (You found it on level 5 of the Dungeon)
Wands
 A - a wand of polymorph (25)
   (You found it on level 4 of the Dungeon)
Scrolls
 b - a scroll of identify {@r1}
 f - a scroll of amnesia
 h - a scroll of revelation
 k - a scroll of fog
 l - a scroll of teleportation {@r4}
 B - a scroll of blinking {!r}
 E - a scroll of enchant weapon
Potions
 d - a potion of might
 j - a potion of enlightenment
 m - a potion of attraction {unknown}
 o - 3 potions of curing {unknown}
 q - 2 potions of magic {unknown}
 r - 2 potions of mutation {unknown}
 t - a potion of degeneration {unknown}
 C - 3 potions of berserk rage {unknown}
 D - a potion of heal wounds {unknown}

Dungeon Overview and Level Annotations

Branches:
Dungeon (7/15) Zot: 26341  Temple (0/1) D:5

Altars:
Dithmenos
Gozag
Nemelex Xobeh
Xom

Shops:
D:6

[ # ♣.♣ #..#### ♣.
♣♣.♣♣ #..#
♣♣♣.♣♣♣♣♣♣ #♣.≈)♣#
#..#### .........♣
#.≈≈≈.# #......
.........♣
#.≈≈≈.####.#####
#)..♣
#.≈≈≈.#....(.#
#..o{.#..♣
#.≈~≈.#.##.#.#
#..{Y
#..♣♣♣♣~≈~♣#.##.#.#
#...
#.JH@..≈~≈.#.##.#.#
#..
#5h♣♣♣♣~≈~♣#.##.#.#
#. #..♣
#.≈~≈.#.##.#.# +
#'..♣
#.≈≈≈.#......#
.....♣
#.≈≈≈.####...#
......♣ #.≈≈≈.#
#...### ♣.♣♣♣♣♣♣
#♣.≈.♣# #...... ♣.
♣♣.♣♣ #..###. ♣.♣
#..###.


You could see a manticore, a hound, a jelly and an ufetubus.


Message History

You closely miss the black bear. The black bear bites you.
The black bear claws you but does no damage.
The black bear splashes around in the water.
HP[-1]
You take 1 damage, and now have 49/81 hp.
You slash the black bear!
The black bear bites you but does no damage.
The black bear claws you but does no damage. x2
You slice the black bear!!
You kill the black bear!
Beogh accepts your kill.
A jelly comes into view.
HP[+1]
The jelly quivers.
You hit the orc.
MP[+1]
Your mp is fully restored (8).
You slash the orc!
You kill the orc!
Beogh accepts your kill.
You hear a splash. x2
The manticore flicks its tail.
The volley of spikes skewers something!
You closely miss something.
The manticore flicks its tail.
The volley of spikes skewers you.
The barbed spikes become lodged in your body.
HP[-1]
You take 1 damage, and now have 49/81 hp.
You hear some strange, mumbled words.
A magic dart appears from out of thin air!
The magic dart hits you.
The manticore flicks its tail.
The volley of spikes skewers something!
You hear a splash. x2
Reactivating autopickup.
You feel a bit more experienced.
HP[-1]
You take 1 damage, and now have 48/81 hp.
Okay, then.
You barely miss the ufetubus.
The ufetubus splashes around in the water.
The ufetubus hits you but does no damage.
HP[+1]
You hit the white imp but do no damage. You slash the white imp!
You kill the white imp!
Beogh accepts your kill.
You slice the ufetubus!!
You kill the ufetubus!
Beogh accepts your kill.
HP[+1]
You barely miss the hound. You barely miss the manticore.
You headbutt the manticore.
You carefully extract the barbed spikes from your body.
You hit the manticore but do no damage. You headbutt the manticore!
The manticore bites you! The manticore claws you. The manticore claws you!
* * * LOW HITPOINT WARNING * * *
HP[-17]
You take 17 damage, and now have 33/81 hp.
MASSIVE DAMAGE!! (PAUSE)
You slash the manticore! Your headbutt misses the manticore.
The manticore bites you.
* * * LOW HITPOINT WARNING * * *
The manticore barely misses you.
The manticore claws you but does no damage.
HP[-5]
You take 5 damage, and now have 28/81 hp.
You hit the manticore but do no damage. The manticore completely misses you.
The manticore claws you.
* * * LOW HITPOINT WARNING * * *
The manticore claws you but does no damage.
HP[-2]
You take 2 damage, and now have 26/81 hp.
You slash the manticore!
The manticore bites you but does no damage.
The manticore claws you.
* * * LOW HITPOINT WARNING * * *
The manticore claws you.
* * * LOW HITPOINT WARNING * * *
HP[-4]
You take 4 damage, and now have 22/81 hp.
You hit the manticore but do no damage.
The manticore bites you but does no damage.
The manticore claws you but does no damage. x2
HP[+1]
You hit the manticore. Your headbutt misses the manticore.
The manticore bites you.
* * * LOW HITPOINT WARNING * * *
The manticore claws you but does no damage.
You block the manticore's attack.
HP[-4]
You take 4 damage, and now have 19/81 hp.
You hit the manticore but do no damage. You headbutt the manticore!
The manticore bites you!
* * * LOW HITPOINT WARNING * * *
The manticore claws you.
* * * LOW HITPOINT WARNING * * *
The manticore claws you.
You die...

Skill      XL: |  1  2  3  4  5  6  7  8  9 |
---------------+----------------------------+-----
Axes           | 3 4 5 6 7 8 10 12 | 12.0
Fighting       | 5 8 |  8.0
Armour         | 5 8 |  8.0
Dodging        | 5 |  5.8
Shields        | |  3.6

Action                     |  1- 3 |  4- 6 |  7- 9 || total
---------------------------+-------+-------+-------++-------
  Melee: War axe           |    52 |   114 |   310 ||   476
         Headbutt          |    11 |    11 |    64 ||    86
 Invoke: Convert to Beogh  |       |       |     1 ||     1
         Smiting           |       |       |     1 ||     1
    Use: Potion            |       |     1 |       ||     1
         Scroll            |       |       |    10 ||    10
 Armour: Scale mail        |    40 |    28 |       ||    68
         Plate armour      |       |    65 |   107 ||   172
         Crystal plate arm |       |       |   190 ||   190
  Dodge: Dodged            |    29 |    35 |    79 ||   143
  Block: Buckler           |    16 |    26 |    61 ||   103

Levels and vault maps discovered:
D:1:      shiori_arrival_maze, layout_loops_ring, minmay_tall_x
D:2:      layout_basic, basic_altar
D:3:      layout_loops_ring
D:4:      layout_gridville, serial_demonic, serial_demonic_e, serial_demonic_f,
          serial_demonic_f, serial_demonic_c, nicolae_half_adder
D:5:      layout_loops_ring, mainiacjoe_overflow_alcove_2,
          minmay_temple_entry_purple_smoke, minmay_crystal_room
D:6:      layout_basic, mainiacjoe_overflow_tiny_flanked,
          mainiacjoe_overflow_surrounded_room, serial_shops,
          nicolae_shop_real_fake_doors, hangedman_decor_peaks_small,
          serial_bayou_crossing
D:7:      nzn_winding_woodlands_large [nzn_winding_woodlands_5x5_perimeter,
          nzn_winding_woodlands_5x15_zeroes,
          nzn_winding_woodlands_5x5_closed_star,
          nzn_winding_woodlands_center_diamonds,
          nzn_winding_woodlands_15x15_killbox,
          nzn_winding_woodlands_center_pierced_h,
          nzn_winding_woodlands_5x5_three,
          nzn_winding_woodlands_5x15_river_crossing,
          nzn_winding_woodlands_5x5_default], layout_basic, grunt_ministairs_4,
          uniq_duvessa

Notes
Turn   | Place    | Note
-------+----------+-------------------------------------------
     0 | D:1      | zeratav the Minotaur Fighter began the quest for the Orb.
     0 | D:1      | Reached XP level 1. HP: 19/19 MP: 0/0
     0 | D:1      | magus.rc [v1.9.6]
    40 | D:1      | Reached skill level 3 in Axes
    57 | D:1      | Reached XP level 2. HP: 26/26 MP: 1/1
   148 | D:1      | Reached skill level 4 in Axes
   189 | D:1      | Reached XP level 3. HP: 24/31 MP: 2/2
   492 | D:1      | Reached skill level 5 in Axes
   676 | D:2      | You pick up a book of Debilitation and begin reading...
   676 | D:2      | You add the spells Slow, Sigil of Binding, Vampiric
                  | Draining and Confusing Touch to your library.
   704 | D:2      | Reached XP level 4. HP: 37/39 MP: 3/3
   713 | D:2      | Found an opulent altar of Gozag.
  1222 | D:2      | Reached skill level 6 in Axes
  1558 | D:3      | Reached XP level 5. HP: 45/45 MP: 4/4
  1593 | D:3      | You fall into a shaft and drop 3 floors!
  1617 | D:6      | Reached skill level 7 in Axes
  1621 | D:6      | HP: 11/45 [poisoned by a gnoll]
  1626 | D:6      | HP: 8/45 [poisoned by a gnoll]
  1792 | D:6      | Noticed a sky beast
  1796 | D:6      | Found a sparkling altar of Nemelex Xobeh.
  1814 | D:6      | Reached XP level 6. HP: 50/51 MP: 5/5
  1900 | D:6      | Reached skill level 8 in Axes
  1900 | D:6      | Reached skill level 4 in Fighting
  1912 | D:6      | Reached skill level 5 in Fighting
  1978 | D:6      | Noticed a sky beast
  2015 | D:6      | HP: 11/56 [sky beast (5)]
  2017 | D:6      | Killed a sky beast
  2018 | D:6      | Reached XP level 7. HP: 13/62 MP: 6/6
  2195 | D:6      | Found a shadowy altar of Dithmenos.
  2217 | D:6      | Reached skill level 6 in Fighting
  2343 | D:6      | Noticed a steam dragon
  2354 | D:5      | Entered Level 5 of the Dungeon
  2404 | D:5      | Found a shimmering altar of Xom.
  2413 | D:5      | Reached skill level 7 in Fighting
  2489 | D:5      | Became a worshipper of Beogh the Shepherd
  2672 | D:4      | Reached skill level 8 in Fighting
  2696 | D:4      | Reached skill level 4 in Armour
  2807 | D:4      | Reached skill level 5 in Armour
  2824 | D:4      | Reached * piety under Beogh
  2853 | D:4      | Reached XP level 8. HP: 74/74 MP: 7/7
  2996 | D:4      | Reached skill level 6 in Armour
  3365 | D:4      | Reached skill level 7 in Armour
  3374 | D:4      | Identified a +0 crystal plate armour
  3375 | D:4      | F - a +0 crystal plate armour {rare=g}
  3447 | D:4      | HP: 18/74 [poisoned by a gnoll]
  3452 | D:4      | HP: 12/74 [poisoned by a gnoll]
  3963 | D:5      | You finish putting on your +0 crystal plate armour
                  | {rare=g}.
  4073 | D:5      | Found a staircase to the Ecumenical Temple.
  4119 | D:5      | Reached skill level 8 in Armour
  4583 | D:6      | Found Tamos's Armour Shoppe.
  4844 | D:6      | Reached skill level 9 in Axes
  4949 | D:6      | HP: 16/74 [steam dragon] (10)]
  5363 | D:7      | Reached skill level 10 in Axes
  5363 | D:7      | Reached XP level 9. HP: 81/81 MP: 8/8
  5783 | D:7      | Noticed Dowan
  5784 | D:7      | Noticed Duvessa
  5793 | D:7      | Killed Dowan
  5802 | D:7      | Killed Duvessa
  5803 | D:7      | Reached skill level 11 in Axes
  5945 | D:7      | Noticed a troll
  5957 | D:7      | Reached skill level 12 in Axes
  5960 | D:7      | Killed a troll
  5960 | D:7      | Reached ** piety under Beogh
  5961 | D:7      | Reached skill level 2 in Dodging
  5974 | D:7      | Reached skill level 3 in Dodging
  5989 | D:7      | Reached skill level 4 in Dodging
  5991 | D:7      | Noticed a manticore
  5994 | D:7      | Reached skill level 5 in Dodging
  6017 | D:7      | HP: 19/81 [manticore (4)]
  6018 | D:7      | HP: 8/81 [manticore (11)]
  6018 | D:7      | HP: 2/81 [manticore (6)]
  6018 | D:7      | Slain by a manticore

Vanquished Creatures
  A troll (D:7)
  2 steam dragons
  A water moccasin (D:7)
  Duvessa (D:7)
  5 sky beasts
  An orc warrior (D:7)
  2 ice beasts
  A black bear (D:7)
  A centaur (D:7)
  4 ogres
  2 phantoms
  2 bullfrogs
  3 kobold brigands
  2 gnoll sergeants
  A scorpion (D:7)
  Dowan (D:7)
  A howler monkey (D:5)
  2 bombardier beetles
  2 hounds
  A jelly (D:5)
  An orc priest (D:5)
  2 sleepcaps
  5 orc wizards
  2 iguanas
  9 gnolls
  12 adders
  3 shadow imps (D:4)
  3 white imps
  3 ufetubi
  2 dart slugs (D:1)
  A ribbon worm (D:5)
  10 orcs
  14 ball pythons
  6 endoplasms
  5 giant cockroaches
  11 goblins
  6 hobgoblins
  10 kobolds
  A quokka (D:1)
  7 bats
  2 frilled lizards (D:1)
  5 rats
156 creatures vanquished.

Vanquished Creatures (others)
  An orc priest (D:7)
  An orc wizard (D:7)
  2 orcs (D:7)
4 creatures vanquished.

Grand Total: 160 creatures vanquished

Table legend:
 A = Non-vault XP
 B = Vault XP
 C = Vault XP percentage of total XP
 D = Non-vault monster count
 E = Vault monster count
 F = Vault count percentage of total count
                 A         B        C        D         E       F
            +---------+---------+-------+---------+---------+-------
      Total |    2756 |    2226 |  44.7 |     117 |      41 |  25.9
            +---------+---------+-------+---------+---------+-------
        D:1 |      75 |      15 |  16.7 |      22 |       6 |  21.4
        D:2 |      77 |       0 |   0.0 |      21 |       0 |   0.0
        D:3 |      48 |       0 |   0.0 |       9 |       0 |   0.0
        D:4 |     520 |     146 |  21.9 |      17 |      12 |  41.4
        D:5 |     522 |       0 |   0.0 |      19 |       0 |   0.0
        D:6 |    1277 |       0 |   0.0 |      26 |       0 |   0.0
        D:7 |     237 |    2065 |  89.7 |       3 |      23 |  88.5
            +---------+---------+-------+---------+---------+-------

Skill      XL: |  1  2  3  4  5  6  7  8  9 |
---------------+----------------------------+-----
Axes           | 3 4 5 6 7 8 10 12 | 12.0
Fighting       | 5 8 |  8.0
Armour         | 5 8 |  8.0
Dodging        | 5 |  5.8
Shields        | |  3.6

Action                     |  1- 3 |  4- 6 |  7- 9 || total
---------------------------+-------+-------+-------++-------
  Melee: War axe           |    52 |   114 |   310 ||   476
         Headbutt          |    11 |    11 |    64 ||    86
 Invoke: Convert to Beogh  |       |       |     1 ||     1
         Smiting           |       |       |     1 ||     1
    Use: Potion            |       |     1 |       ||     1
         Scroll            |       |       |    10 ||    10
 Armour: Scale mail        |    40 |    28 |       ||    68
         Plate armour      |       |    65 |   107 ||   172
         Crystal plate arm |       |       |   190 ||   190
  Dodge: Dodged            |    29 |    35 |    79 ||   143
  Block: Buckler           |    16 |    26 |    61 ||   103

Illustrated notes

Table legend:
 A = Kills in this place as a percentage of kills in the entire game.
 B = Kills by you in this place as a percentage of kills by you in the entire game.
 C = Kills by friends in this place as a percentage of kills by friends in the entire game.
 D = Other kills in this place as a percentage of other kills in the entire game.
 E = Experience gained in this place as a percentage of experience gained in the entire game.
 F = Experience gained in this place divided by the number of levels of this place that you have seen.
                   A       B       C       D       E      F
               +-------+-------+-------+-------+-------+----------------------
         Total | 100.0 | 100.0 |   N/A | 100.0 | 100.0 | 711.7
       Dungeon | 100.0 | 100.0 |   N/A | 100.0 | 100.0 | 711.7
               +-------+-------+-------+-------+-------+----------------------

Table legend: (Time is in decaauts)
 A = Elapsed time spent in this place.
 B = Non-inter-level travel time spent in this place.
 C = Inter-level travel time spent in this place.
 D = Time resting spent in this place.
 E = Time spent auto-exploring this place.
 F = Levels seen in this place.
 G = Mean time per level.
                   A        B        C        D        E       F      G
               +--------+--------+--------+--------+--------+-----+--------+
         Total |   6087 |   5935 |    152 |    936 |   3818 |   7 |  869.6 |
       Dungeon |   6087 |   5935 |    152 |    936 |   3818 |   7 |  869.6 |
               +--------+--------+--------+--------+--------+-----+--------+

Top non-repeatable levels by time:
     D:6: 1656 daAuts
     D:4: 1159 daAuts
     D:5: 989 daAuts
     D:2: 743 daAuts
     D:1: 681 daAuts
     D:7: 657 daAuts
     D:3: 198 daAuts
